 Dungeon Crawl Stone Soup version 0.26.0-18-gc5c842f807 (webtiles) character file.

Game seed: 13374540930171678538

497 Kejsarherre the Sneak (level 7, -8/45 HPs)
             Began as an Octopode Earth Elementalist on Jan 23, 2021.
             Mangled by Menkaure (19 damage)
             ... on level 4 of the Dungeon.
             The game lasted 00:08:17 (4382 turns).

Kejsarherre the Sneak (Octopode Earth Elementalist) Turns: 4382, Time: 00:08:17

Health: -8/45      AC:  1    Str:  7    XL:     7   Next: 16%
Magic:  11/11      EV: 13    Int: 20    God:
Gold:   204        SH:  5    Dex: 12    Spells: 8/12 levels left

rFire    . . .     SeeInvis .   d - +0 short sword
rCold    . . .     Faith    .   g - +0 buckler
rNeg     . . .     Spirit   .   (helmet restricted)
rPois    .         Reflect  .   (no amulet)
rElec    .         Harm     .   c - ring of stealth
rCorr    .         Rampage  .   (no ring)
Will     .....                  (no ring)
Stlth    +++++.....             (no ring)
HPRegen  0.15/turn              (no ring)
MPRegen  0.12/turn              (no ring)
                                (no ring)
                                (no ring)

@: no status effects
A: almost no armour, stealthy swim, amphibious, 8 rings, constrict 8, camouflage
1, gelatinous body 1
a: no special abilities


You were on level 4 of the Dungeon.
You visited 1 branch of the dungeon, and saw 4 of its levels.

You collected 204 gold pieces.

Inventory:

Hand Weapons
 d - a +0 short sword (weapon)
Missiles
 b - 27 stones
Armour
 g - a +0 buckler (worn)
Jewellery
 c - a ring of stealth (left tentacle)
Wands
 a - a wand of flame (24)
 e - a wand of enslavement (4)
 o - a wand of disintegration (7)
Scrolls
 f - a scroll of immolation {unknown}
 h - a scroll of magic mapping {unknown}
 j - a scroll of remove curse
 k - a scroll of blinking {unknown}
 l - a scroll of teleportation {unknown}
Potions
 i - a potion of flight
 m - 2 potions of attraction
 n - 2 potions of brilliance {unknown}


   Skills:
 - Level 2.0 Fighting
 - Level 2.0 Dodging
 - Level 6.1 Stealth
 - Level 4.0 Shields
 - Level 3.1 Spellcasting
 - Level 1.0 Transmutations
 + Level 4.0 Earth Magic


You had 8 spell levels left.
You knew the following spells:

 Your Spells              Type           Power        Failure   Level
a - Sandblast             Erth           38%          2%          1
b - Stone Arrow           Conj/Erth      22%          19%         3

Your spell library contained the following spells:

 Spells                   Type           Power        Failure   Level
 Passwall                 Tmut/Erth      10%          8%          2
 Petrify                  Tmut/Erth      13%          45%         4
 Lee's Rapid Deconstruct  Erth           9%           58%         5


Dungeon Overview and Level Annotations

Branches:
Dungeon (4/15)
 Temple: D:4-7

Altars:
Makhleb
Ru
Xom

Shops:
D:4 :

Annotations:
D:4 Duvessa, Menkaure


Innate Abilities, Weirdness & Mutations

You cannot wear most types of armour.
You are very stealthy in the water. (Stealth+)
You are amphibious.
You can wear up to eight rings at the same time.
You can use your tentacles to constrict eight enemies at once.
Your skin changes colour to match your surroundings (Stealth+).
Your rubbery body absorbs attacks. (AC +1, EV +1)


Message History

Duvessa is blasted!
Duvessa hits you with a +0 short sword. x2
Unknown command.
Evoke which item? (* to show all) (? for menu, Esc to quit)
Aiming: Disintegrate
Press: ? - help, Shift-Dir - straight line, f/p - Duvessa
Aim: Duvessa, wielding a +0 short sword, wearing a +0 scale mail and carrying a wand of flame (14) (moderately wounded, berserk, chance to affect: 48%) Duvessa resists with some effort.
Duvessa hits you with a +0 short sword! Menkaure casts a spell at you.
Pain shoots through your body!
The hound skeleton completely misses you.
Unknown command.
Unknown command.
Evoke which item? (* to show all) (? for menu, Esc to quit)
Aiming: Disintegrate
Press: ? - help, Shift-Dir - straight line, f/p - Duvessa
Aim: Duvessa, wielding a +0 short sword, wearing a +0 scale mail and carrying a wand of flame (14) (moderately wounded, berserk, chance to affect: 48%) Duvessa resists with some effort.
Duvessa hits you with a +0 short sword.
* * * LOW HITPOINT WARNING * * *
The hound skeleton closely misses you. Menkaure hits you!!
You die...

#... #. #..#..### ###... #.#
#..#..... ......
##..###........#######..
..............eM.......
#.#.......... #####..
#............ #..
########...Z...)... #..
#..........@e$..... .# ###
####.#######...M...... #.#.#
# #......##.............
#.#.# #
#......##.#..######+####.#.#
#
#......##.#................#
#
####'####.###.#####.###....#
# #.# #.# #..............# #
#.# #.# #..##..........####
#.# #.# ##.##..............


You could see Duvessa (berserk), Menkaure and a hound skeleton.

Vanquished Creatures
  A phantom (D:4)
  An ogre (D:3)
  A bullfrog (D:2)
  Dowan (D:4)
  2 hounds
  3 gnolls (D:3)
  2 adders
  3 oozes
  An adder skeleton (D:4)
  2 worms
  2 dart slugs
  4 leopard geckos
  7 orcs (D:3)
  A ball python (D:1)
  12 bats
  5 giant cockroaches
  4 goblins
  8 hobgoblins
  4 jackals (D:2)
  2 quokkas
  5 frilled lizards
  5 kobolds
  5 rats
81 creatures vanquished.

Notes
Turn   | Place    | Note
-------+----------+-------------------------------------------
     0 | D:1      | Kejsarherre the Octopode Earth Elementalist began the quest
                  | for the Orb.
     0 | D:1      | Reached XP level 1. HP: 11/11 MP: 3/3
   474 | D:1      | Reached XP level 2. HP: 9/17 MP: 3/5
   904 | D:1      | Reached skill level 3 in Stealth
  1103 | D:1      | Reached skill level 1 in Shields
  1109 | D:1      | Reached XP level 3. HP: 12/21 MP: 6/6
  1494 | D:2      | Noticed a bullfrog
  1502 | D:2      | Killed a bullfrog
  1503 | D:2      | Reached XP level 4. HP: 14/27 MP: 3/7
  1840 | D:2      | Found a shimmering altar of Xom.
  1932 | D:2      | Found a sacrificial altar of Ru.
  2340 | D:2      | Reached XP level 5. HP: 31/31 MP: 8/8
  2695 | D:3      | Noticed an ogre
  2703 | D:3      | Killed an ogre
  2704 | D:3      | Reached skill level 4 in Stealth
  2973 | D:3      | Reached skill level 5 in Stealth
  3118 | D:3      | Reached XP level 6. HP: 36/36 MP: 6/9
  3211 | D:3      | Found a burning altar of Makhleb.
  3219 | D:3      | Reached skill level 6 in Stealth
  3753 | D:4      | Found Feussoedgh's Book Boutique.
  3778 | D:4      | Noticed a phantom
  3835 | D:4      | Killed a phantom
  3836 | D:4      | Reached skill level 1 in Fighting
  4052 | D:4      | Reached XP level 7. HP: 41/45 MP: 9/11
  4056 | D:4      | Learned a level 3 spell: Stone Arrow
  4162 | D:4      | Noticed Menkaure
  4163 | D:4      | Noticed Duvessa
  4212 | D:4      | Noticed Dowan
  4369 | D:4      | Killed Dowan
  4382 | D:4      | Mangled by Menkaure

Illustrated notes

Levels and vault maps discovered:
D:1:      evilmike_arrival_plus, layout_basic
D:2:      layout_basic, lemuel_crystal_altar, nicolae_ru_sacrificial_ziggurat
D:3:      layout_loops_cross, makhleb_heckhound_becter
D:4:      layout_basic, serial_shops, nicolae_shop_trees,
          uniq_crazy_yiuf_cottage, uniq_menkaure, uniq_duvessa

Skill      XL: |  1  2  3  4  5  6  7 |
---------------+----------------------+-----
Stealth        | 3 5 6 |  6.1
Shields        | 1 3 4 |  4.0
Fighting       | 2 |  2.0
Spellcasting   | 3 |  3.1
Earth Magic    | 4 |  4.0
Dodging        | |  2.0
Transmutations | |  1.0

Action                   |  1- 3 |  4- 6 |  7- 9 || total
-------------------------+-------+-------+-------++-------
Melee: Short sword       |    25 |   108 |     6 ||   139
       Unarmed           |     5 |       |       ||     5
       Constrict         |     5 |    18 |     1 ||    24
       Tentacles         |     2 |     9 |     1 ||    12
 Cast: Sandblast         |    12 |    47 |       ||    59
Evoke: Wand              |       |       |     9 ||     9
  Use: Scroll            |       |     5 |     2 ||     7
       Potion            |       |     1 |       ||     1
 Stab: Sleeping          |    11 |    24 |     1 ||    36
Armor: Skin              |     3 |     5 |       ||     8
Dodge: Dodged            |    11 |    69 |     4 ||    84
Block: Buckler           |     2 |    26 |     1 ||    29
